 Dungeon Crawl Stone Soup version 0.29.1-15-g9cfb28693d (webtiles) character file.

Game seed: 1138471963355177470

646 Horez the Sneak (level 7, -3/46 HPs)
             Began as a Vampire Enchanter on Apr 28, 2023.
             Slain by an iguana (13 damage)
             ... on level 6 of the Dungeon.
             The game lasted 00:16:04 (3001 turns).

Horez the Sneak (Vampire Enchanter)                 Turns: 3001, Time: 00:16:04

Health: -3/46      AC:  3    Str:  7    XL:     7   Next: 27%
Magic:  3/12       EV: 14    Int: 18    God:
Gold:   270        SH:  0    Dex: 16    Spells: 8/13 levels left

rFire   . . .      SeeInvis +   p - +4 dagger
rCold   . . .      Faith    .   (no shield)
rNeg    . . .      Spirit   .   b - +0 robe
rPois   .          Reflect  .   (no helmet)
rElec   .          Harm     .   (no cloak)
rCorr   .          Rampage  .   (no gloves)
Will    .....                   i - +0 pair of boots
Stlth   ++++......              (no amulet)
HPRegen 0.35/turn               (no ring)
MPRegen 0.13/turn               (no ring)

@: healing quickly
A: alive, fangs 3, see invisible, vampiric 2
a: Exsanguinate


You were on level 6 of the Dungeon.
You visited 1 branch of the dungeon, and saw 6 of its levels.

You collected 270 gold pieces.

Inventory:

Hand Weapons
 a - a +1 dagger
 p - a +4 dagger (weapon)
Missiles
 x - 2 javelins (quivered)
Armour
 b - a +0 robe (worn)
 i - a +0 pair of boots (worn)
 m - a +1 leather armour of willpower
 q - a scarf of shadows
Wands
 r - a wand of mindburst (8)
 s - a wand of iceblast (8)
 w - a wand of polymorph (3)
Scrolls
 d - 6 scrolls of identify {unknown}
 g - 3 scrolls of blinking {unknown}
 k - 2 scrolls of noise {unknown}
 l - 3 scrolls of teleportation {unknown}
 n - a scroll of fear {unknown}
 t - 2 scrolls of poison {unknown}
 u - a scroll of enchant armour {unknown}
 v - a scroll of amnesia {unknown}
Potions
 c - 2 potions of invisibility
 e - 2 potions of brilliance {unknown}
 f - a potion of haste
 h - a potion of flight {unknown}
 j - 3 potions of curing
 o - 2 potions of mutation {unknown}


   Skills:
 + Level 3.8 Short Blades
 + Level 4.4 Dodging
 + Level 7.0 Stealth
 + Level 3.7 Spellcasting
 + Level 6.7 Hexes


You had 8 spell levels left.
You knew the following spells:

 Your Spells              Type           Power      Damage    Failure   Level
a - Ensorcelled Hibernat  Hex/Ice        30%        N/A       6%          2
b - Confusing Touch       Hex            27%        N/A       2%          3

Your spell library contained the following spells:

 Spells                   Type           Power      Damage    Failure   Level
 Tukima's Dance           Hex            27%        N/A       2%          3
 Dazzling Flash           Conj/Hex       30%        N/A       12%         3
 Magic Dart               Conj           12%        1d3       16%         1
 Necrotise                Necr           12%        1d4       16%         1
 Sandblast                Erth           6%         2d5       16%         1
 Call Imp                 Summ           3%         N/A       22%         2
 Passwall                 Tmut/Erth      2%         N/A       22%         2
 Mephitic Cloud           Conj/Pois/Air  3%         N/A       41%         3
 Ozocubu's Armour         Ice            3%         N/A       41%         3
 Stone Arrow              Conj/Erth      6%         3d7       41%         3
 Vampiric Draining        Necr           3%         2d6       41%         3
 Silence                  Hex/Air        7%         N/A       71%         5
 Agony                    Necr           3%         N/A       99%         5
 Ozocubu's Refrigeration  Ice            1%         4d7       100%        7


Dungeon Overview and Level Annotations

Branches:
Dungeon (6/15)
 Temple: D:4-7

Altars:
Ashenzari
Cheibriados
Nemelex Xobeh
Ru
Wu Jian
Yredelemnul

Annotations:
D:2 1 runed translucent door, Crazy Yiuf


Innate Abilities, Weirdness & Mutations

Your natural rate of healing is accelerated.
You have razor-sharp teeth.
You have supernaturally acute eyesight. (SInv)
You are afflicted with vampirism and can become a bat while bloodless.


Message History

You kill Grinder!
Your Stealth skill increases to level 7!
You have reached level 7!
You hit the white imp.
The white imp is lightly wounded.
You hit the white imp. Your bite misses the white imp.
The white imp is severely wounded.
The white imp gestures at you. The puff of frost misses you.
You hit the white imp.
The white imp is severely wounded.
A hound comes into view.
The white imp hits you. The white imp freezes you.
The hound barks!
You hit the white imp.
You kill the white imp!
You barely miss the iguana. The iguana bites you!
* * * LOW HITPOINT WARNING * * *
Casting: Confusing Touch (dangerous; 2% risk of failure)
Confirm with . or Enter, or press ? or * to list all spells.
Aiming: Ensorcelled Hibernation (safe; 6% risk of failure)
Press: ? - help, Shift-Dir - straight line, f - iguana
Aim: an iguana (chance to affect: 57%)
The iguana resists with significant effort.
The iguana misses you.
Casting: Ensorcelled Hibernation (safe; 6% risk of failure)
Confirm with . or Enter, or press ? or * to list all spells.
Aiming: Ensorcelled Hibernation (safe; 6% risk of failure)
Press: ? - help, Shift-Dir - straight line, f/p - iguana
Aim: an iguana (chance to affect: 57%)
The iguana resists with significant effort.
The iguana barely misses you.
Casting: Ensorcelled Hibernation (safe; 6% risk of failure)
Confirm with . or Enter, or press ? or * to list all spells.
Aiming: Ensorcelled Hibernation (safe; 6% risk of failure)
Press: ? - help, Shift-Dir - straight line, f/p - iguana
Aim: an iguana (chance to affect: 57%)
The iguana resists with significant effort.
The iguana bites you!
You die...

# .# . ###.#.#
....... (......
.......
#########....... #
#..@lh.../.5....
#....###...........
.........<..........
.########........#.#
...............
#####.....#.#.#
#####...... ...#.#
......


You could see an iguana and a hound.

Vanquished Creatures
  Grinder (D:6)
  An ice beast (D:5)
  A howler monkey (D:5)
  A hound (D:6)
  2 jellies
  2 iguanas
  9 adders
  3 gnolls (D:2)
  A white imp (D:6)
  An orc (D:4)
  2 bats (D:1)
  8 endoplasms
  A giant cockroach (D:4)
  13 goblins
  2 hobgoblins
  9 quokkas
  10 ball pythons
  3 frilled lizards
  8 kobolds
  5 rats
83 creatures vanquished.

Notes
Turn   | Place    | Note
-------+----------+-------------------------------------------
     0 | D:1      | Horez the Vampire Enchanter began the quest for the Orb.
     0 | D:1      | Reached XP level 1. HP: 13/13 MP: 3/3
   137 | D:1      | Reached XP level 2. HP: 18/19 MP: 5/5
   140 | D:1      | Learned a level 2 spell: Ensorcelled Hibernation
   548 | D:1      | Gained mutation: You are afflicted with vampirism and can
                  | become a bat while bloodless. [Vampire growth]
   548 | D:1      | Reached XP level 3. HP: 18/24 MP: 6/6
   779 | D:2      | Reached skill level 5 in Stealth
   807 | D:2      | Found a runed translucent door.
   808 | D:2      | Noticed Crazy Yiuf
   874 | D:2      | Reached skill level 5 in Hexes
   899 | D:2      | Reached XP level 4. HP: 13/30 MP: 2/7
  1107 | D:3      | Learned a level 3 spell: Confusing Touch
  1847 | D:3      | Found a sacrificial altar of Ru.
  1855 | D:3      | Found an ornate altar of the Wu Jian Council.
  1865 | D:3      | Found a basalt altar of Yredelemnul.
  2078 | D:4      | Reached XP level 5. HP: 35/35 MP: 9/9
  2222 | D:4      | Reached skill level 6 in Stealth
  2351 | D:4      | Found a snail-covered altar of Cheibriados.
  2353 | D:4      | Found a sparkling altar of Nemelex Xobeh.
  2353 | D:4      | Found a broken altar of Ashenzari.
  2461 | D:5      | Entered Level 5 of the Dungeon
  2488 | D:5      | Reached XP level 6. HP: 32/41 MP: 7/10
  2587 | D:5      | Noticed an ice beast
  2608 | D:5      | Killed an ice beast
  2974 | D:6      | Noticed Grinder
  2984 | D:6      | Paralysed by Grinder for 4 turns
  2993 | D:6      | Killed Grinder
  2994 | D:6      | Reached skill level 7 in Stealth
  2994 | D:6      | Reached XP level 7. HP: 20/46 MP: 8/12
  3001 | D:6      | Slain by an iguana

Illustrated notes

Levels and vault maps discovered:
D:1:      scummos_arrival_simple_crosswalls, layout_basic,
          minmay_misc_feat_square
D:2:      layout_rooms, ebering_ecumenical_altar_rust, uniq_crazy_yiuf_cottage
D:3:      layout_basic, grunt_temple_overflow_diamond
D:4:      minmay_octagon_keep, layout_loops_ring, mainiacjoe_overflow_boulevard,
          bloody_makhleb, mainiacjoe_overflow_alcove_3,
          hangedman_minor_gate_pass
D:5:      layout_loops_cross
D:6:      layout_rooms, biasface_ghost_orc_armoury, serial_glass,
          glass_columns_c, glass_columns_b, uniq_grinder, uniq_duvessa

Skill      XL: |  1  2  3  4  5  6 |
---------------+-------------------+-----
Stealth        | 5 6 7 |  7.0
Short Blades   | 2 3 |  3.8
Hexes          | 5 6 |  6.7
Dodging        | 3 4 |  4.4
Spellcasting   | 3 |  3.7

Action                   |  1- 3 |  4- 6 |  7- 9 || total
-------------------------+-------+-------+-------++-------
Melee: Dagger            |    97 |   144 |     5 ||   246
       Bite              |     9 |    14 |       ||    23
       Punch             |     2 |     1 |       ||     3
 Cast: Ensorcelled Hiber |    10 |    29 |     3 ||    42
       Confusing Touch   |       |     2 |       ||     2
Evoke: Wand              |       |     3 |       ||     3
  Use: Potion            |       |     1 |       ||     1
 Stab: Sleeping          |    12 |    24 |       ||    36
       Confused          |       |     1 |       ||     1
Armor: Robe              |    17 |    16 |       ||    33
Dodge: Dodged            |    66 |    82 |     3 ||   151
